 Dungeon Crawl Stone Soup version 0.26.0-20-g3ca415f5b8 (webtiles) character file.

Game seed: 13323269917983150978

23 Gauvater the Firebug (level 2, 0/17 HPs)
             Began as an Octopode Fire Elementalist on Jan 25, 2021.
             Succumbed to an adder's poison
             ... on level 1 of the Dungeon.
             The game lasted 00:04:15 (856 turns).

Gauvater the Firebug (Octopode Fire Elementalist)    Turns: 856, Time: 00:04:16

Health: 0/17       AC:  1    Str:  7    XL:     2   Next: 95%
Magic:  1/5        EV: 13    Int: 17    God:
Gold:   44         SH:  0    Dex: 12    Spells: 4/5 levels left

rFire    . . .     SeeInvis .   d - +1 dagger (elec)
rCold    . . .     Faith    .   (no shield)
rNeg     . . .     Spirit   .   (helmet restricted)
rPois    .         Reflect  .   (no amulet)
rElec    .         Harm     .   (no ring)
rCorr    .         Rampage  .   (no ring)
Will     .....                  (no ring)
Stlth    +++.......             (no ring)
HPRegen  0.05/turn              (no ring)
MPRegen  0.09/turn              (no ring)
                                (no ring)
                                (no ring)

@: lethally poisoned (0 -> -14)
A: almost no armour, stealthy swim, amphibious, 8 rings, constrict 8, camouflage
1, gelatinous body 1
a: no special abilities


You were on level 1 of the Dungeon.
You visited 1 branch of the dungeon, and saw 2 of its levels.

You collected 44 gold pieces.

Inventory:

Hand Weapons
 d - a +1 dagger of electrocution (weapon)
Missiles
 c - 36 arrows
 e - 11 sling bullets
 k - 12 bolts
Scrolls
 b - 6 scrolls of identify {unknown}
 f - a scroll of teleportation {unknown}
 g - a scroll of random uselessness {unknown}
 i - a scroll of remove curse {unknown}
 j - 2 scrolls of amnesia {unknown}
Potions
 a - a potion of curing {unknown}
 h - a potion of heal wounds {unknown}


   Skills:
 - Level 2.0 Dodging
 + Level 3.2 Stealth
 + Level 2.2 Spellcasting
 + Level 1.1 Conjurations
 + Level 3.5 Fire Magic


You had 4 spell levels left.
You knew the following spells:

 Your Spells              Type           Power        Failure   Level
a - Foxfire               Conj/Fire      36%          7%          1

Your spell library contained the following spells:

 Spells                   Type           Power        Failure   Level
 Conjure Flame            Conj/Fire      9%           22%         3
 Inner Flame              Hex/Fire       7%           28%         3
 Sticky Flame             Conj/Fire      9%           56%         4
 Fireball                 Conj/Fire      4%           89%         5


Dungeon Overview and Level Annotations

Branches:
Dungeon (2/15)

Altars:


Innate Abilities, Weirdness & Mutations

You cannot wear most types of armour.
You are very stealthy in the water. (Stealth+)
You are amphibious.
You can wear up to eight rings at the same time.
You can use your tentacles to constrict eight enemies at once.
Your skin changes colour to match your surroundings (Stealth+).
Your rubbery body absorbs attacks. (AC +1, EV +1)


Message History

You feel sick. The adder bites you.
You are lethally poisoned!
The adder poisons you! The adder misses you.
You hit the adder. Your grab misses the adder. Your squeeze misses the adder.
The adder is severely wounded.
You feel sick. The adder bites you.
You barely miss the adder. Your grab misses the adder.
The adder is severely wounded.
You feel sick. The adder closely misses you.
You barely miss the adder. Your grab misses the adder.
The adder is severely wounded.
The adder bites you.
* * * LOW HITPOINT WARNING * * *
The adder bites you.
* * * LOW HITPOINT WARNING * * *
You are more poisoned.
The adder poisons you!
You hit the adder. Your grab misses the adder.
The adder is almost dead.
You die...

...#.#.......##########.#.#.#####
........####.# #####.#.#.#
..#.#.#.# #.# #.........#
.#.....## #.# #.####..###
...#.#.# #.# #.# #..# ###...##
#.######.# ##.# #..## #........#
#.# ##.############'### #.#
#.#≈≈≈≈≈≈≈≈≈.@..♣♣♣♣ #.#######
#.'..≈≈≈≈PP≈≈S....<♣♣#........
###....≈≈PPP≈≈≈.<...♣#........
#♣....≈≈≈PPP≈≈.....#........
♣♣.....≈≈≈≈≈≈≈....'........
♣♣♣.....P..≈≈≈≈≈≈#........
######'#########........
#.#######...###.÷..
#.........#.#.....÷


You could see an adder.

Vanquished Creatures
  4 goblins (D:1)
  3 hobgoblins
  7 bats
  A frilled lizard (D:1)
  3 kobolds (D:1)
  2 rats (D:1)
20 creatures vanquished.

Vanquished Creatures (others)
  53 foxfires
53 creatures vanquished.

Grand Total: 73 creatures vanquished

Notes
Turn   | Place    | Note
-------+----------+-------------------------------------------
     0 | D:1      | Gauvater the Octopode Fire Elementalist began the quest for
                  | the Orb.
     0 | D:1      | Reached XP level 1. HP: 11/11 MP: 3/3
   329 | D:1      | Reached XP level 2. HP: 17/17 MP: 0/5
   856 | D:1      | Succumbed to an adder's poison

Illustrated notes

Levels and vault maps discovered:
D:1:      tarquinn_simple_flora_water_c, layout_basic, hex_tiny
D:2:      layout_rooms, zin_scriptorium, old_standard_altar,
          columned_hall_lemuel, minmay_tetromino_o2

Skill      XL: |  1  2 |
---------------+-------+-----
Stealth        | 3 |  3.2
Dodging        | |  2.0
Spellcasting   | |  2.2
Conjurations   | |  1.1
Fire Magic     | |  3.5

Action                   || total
-------------------------++-------
Melee: Dagger            ||     9
       Constrict         ||     2
       Unarmed           ||     1
 Cast: Foxfire           ||    32
Armor: Skin              ||     4
Dodge: Dodged            ||     7
